Map: [ESL] Alcyone

Players

MacSed - Winner!

  • Race: Protoss Protoss
  • Spawn Location: 1:00

TeebuL

  • Race: Protoss Protoss
  • Spawn Location: 7:00

Event: ESL SC2 Masters 2023 Winter (Regional)

VOD

Have the link to the VOD?

Description

Time

  • Played on: Nov. 2, 2023, 9:29 a.m.
  • Length: 12:28

All games in this series

Show
View Real Time Build Order
Export as new Build Order

MacSed Protoss - Winner!

Build Orders:  

Get SALT Encoding   

  12  0:00  Probe  
  13  0:12  Probe  
  14  0:17  Pylon  
  14  0:24  Probe (Chrono Boost)  
  16  0:36  Probe (Chrono Boost)  
  16  0:37  Gateway  
  16  0:43  Probe (Chrono Boost)  
  16  0:45  Assimilator  
  17  0:51  Probe  
  17  0:53  Assimilator  
  18  1:03  Probe  
  19  1:14  Gateway  
  19  1:15  Probe (Chrono Boost)  
  21  1:26  Cybernetics Core, Probe (Chrono Boost)  
  21  1:31  Probe (Chrono Boost)  
  22  1:35  Pylon  
  22  1:41  Probe  
  23  1:53  Probe  
  24  2:03  Sentry, Warp Gate  
  24  2:04  Stalker  
  24  2:05  Probe  
  29  2:15  Pylon  
  29  2:31  Stalker  
  29  2:35  Stalker  
  33  2:48  Nexus  
  33  2:51  Probe  
  34  2:59  Shield Battery  
  35  3:07  Sentry  
  35  3:12  Pylon  
  37  3:16  Shield Battery  
  36  3:23  Probe  
  37  3:29  Pylon  
  37  3:35  Probe  
  37  3:36  Twilight Council  
  38  3:47  Probe  
  39  3:50  Adept x2  
  43  3:59  Gateway  
  43  4:00  Probe  
  43  4:01  Probe  
  45  4:12  Probe  
  46  4:17  Probe  
  46  4:19  Blink (Chrono Boost)  
  46  4:25  Probe  
  46  4:27  Adept  
  47  4:33  Adept  
  47  4:34  Probe  
  47  4:37  Probe  
  47  4:38  Gateway  
  49  4:46  Probe  
  49  4:49  Probe  
  49  4:50  Robotics Facility  
  48  4:58  Probe  
  47  5:01  Stalker, Probe  
  50  5:07  Stalker  
  50  5:10  Probe  
  50  5:13  Probe  
  54  5:18  Forge  
  54  5:22  Probe  
  54  5:25  Stalker  
  57  5:29  Gateway  
  57  5:31  Stalker  
  59  5:37  Observer  
  59  5:40  Pylon  
  60  5:47  Protoss Ground Weapons Level 1 (Chrono Boost), Probe x2  
  60  5:49  Assimilator, Pylon  
  62  5:50  Pylon  
  62  5:59  Observer  
  62  6:04  Pylon  
  62  6:07  Observer  
  62  6:09  Probe  
  64  6:12  Stalker x2  
  64  6:16  Pylon  
  68  6:23  Nexus  
  68  6:29  Probe x2  
  68  6:31  Stalker  
  72  6:41  Probe  
  72  6:42  Immortal  
  72  6:43  Shield Battery, Probe  
  78  6:53  Probe  
  79  6:54  Stalker x2  
  79  6:56  Stalker  
  85  7:04  Shield Battery, Probe  
  85  7:05  Probe  
  87  7:16  Probe  
  87  7:17  Probe  
  87  7:18  Gateway x2  
  87  7:21  Adept  
  87  7:22  Adept  
  93  7:32  Gateway  
  93  7:36  Gateway  
  93  7:42  Protoss Ground Weapons Level 2 (Chrono Boost)  
  93  7:53  Zealot x2  
  93  7:54  Zealot  
  93  7:58  Gateway  
  99  7:59  Templar Archives  
  99  8:00  Gateway  
  99  8:07  Observer, Probe  
  99  8:09  Pylon  
  99  8:10  Immortal  
  104  8:14  Probe  
  104  8:19  Zealot x2  
  109  8:25  Pylon  
  109  8:26  Pylon  
  109  8:40  High Templar x2  
  109  8:41  Zealot x2  
  117  8:42  Observer  
  117  8:45  Pylon x2  
  117  8:51  Immortal  
  121  8:59  High Templar  
  121  9:00  High Templar  
  121  9:01  Zealot x4  
  121  9:02  Archon  
  133  9:06  Archon  
  133  9:12  Pylon  
  133  9:15  Nexus, Charge (Chrono Boost)  
  133  9:17  Observer  
  133  9:23  Protoss Ground Weapons Level 3 (Chrono Boost)  
  133  9:25  Zealot x2, Pylon  
  133  9:26  Zealot x5  
  147  9:35  Photon Cannon  
  147  9:36  Probe x2  
  147  9:37  Shield Battery  
  149  9:47  Zealot x2  
  153  9:58  Zealot x4  
  156  10:06  Zealot  
  155  10:08  Zealot  
  155  10:10  Zealot x2  
  155  10:13  Pylon  
  139  10:16  Pylon  
  139  10:19  Probe  
  134  10:23  Zealot x3  
  140  10:29  High Templar x2  
  140  10:30  Zealot  
  140  10:32  Warp Prism (Chrono Boost)  
  140  10:34  Archon  
  148  10:56  Zealot x7  
  156  11:03  Observer  
  106  11:11  Zealot x2  
  98  11:25  High Templar x2, Zealot x5  
  104  11:28  Immortal (Chrono Boost)  
  104  11:29  Archon  
  106  11:34  Zealot x2  
  106  11:37  Probe x3  
  113  11:42  Gateway  
  113  11:50  Zealot x5  
  122  12:05  Zealot x4  
  116  12:11  High Templar x2  
  116  12:12  Zealot x3  
  110  12:17  Archon  
  106  12:25  Zealot x4  
Show
View Real Time Build Order
Export as new Build Order

TeebuL Protoss 

Build Orders:  

Get SALT Encoding   

  12  0:00  Probe  
  13  0:12  Probe  
  14  0:17  Pylon  
  14  0:24  Probe (Chrono Boost)  
  15  0:37  Gateway, Probe (Chrono Boost)  
  16  0:45  Probe (Chrono Boost)  
  16  0:46  Assimilator  
  17  0:51  Probe  
  17  0:54  Assimilator  
  18  1:03  Probe (Chrono Boost)  
  19  1:07  Gateway  
  19  1:15  Probe (Chrono Boost)  
  20  1:21  Probe (Chrono Boost)  
  20  1:24  Cybernetics Core  
  21  1:29  Probe  
  22  1:36  Pylon  
  22  1:41  Probe  
  23  1:54  Probe  
  24  1:57  Warp Gate (Chrono Boost)  
  24  2:02  Adept x2  
  28  2:14  Probe  
  29  2:15  Pylon  
  30  2:33  Adept x2  
  33  2:47  Nexus  
  33  2:50  Probe  
  34  3:03  Adept x2  
  38  3:09  Pylon  
  38  3:18  Probe  
  39  3:25  Twilight Council  
  39  3:30  Probe (Chrono Boost)  
  40  3:42  Probe (Chrono Boost)  
  40  3:47  Sentry x2  
  45  3:50  Probe (Chrono Boost)  
  46  3:57  Probe  
  46  4:00  Probe  
  46  4:02  Blink (Chrono Boost)  
  48  4:09  Probe  
  49  4:12  Stalker x2  
  49  4:14  Probe  
  48  4:21  Probe (Chrono Boost)  
  42  4:32  Probe (Chrono Boost)  
  42  4:35  Probe (Chrono Boost)  
  43  4:40  Probe x2 (Chrono Boost)  
  45  4:50  Stalker x2  
  45  4:51  Probe  
  50  4:58  Probe (Chrono Boost)  
  50  5:03  Probe (Chrono Boost)  
  51  5:13  Probe x2 (Chrono Boost)  
  53  5:20  Probe (Chrono Boost)  
  55  5:22  Probe (Chrono Boost)  
  55  5:25  Stalker x2  
  60  5:28  Probe (Chrono Boost)  
  60  5:31  Probe (Chrono Boost)  
  60  5:34  Probe  
  61  5:41  Pylon  
  62  5:43  Probe  
  62  5:49  Probe  
  62  5:51  Nexus  
  62  5:56  Forge, Charge  
  62  5:57  Pylon  
  62  5:59  Probe  
  62  6:03  Probe  
  64  6:05  Stalker x2  
  64  6:11  Probe  
  69  6:13  Gateway  
  69  6:14  Gateway  
  69  6:19  Assimilator  
  69  6:20  Probe  
  69  6:21  Protoss Ground Weapons Level 1 (Chrono Boost)  
  69  6:22  Probe  
  71  6:30  Probe  
  71  6:32  Probe  
  72  6:38  Probe  
  72  6:39  Stalker  
  75  6:40  Stalker  
  78  6:49  Pylon  
  78  6:55  Gateway  
  78  6:56  Gateway  
  78  6:58  Gateway  
  78  7:04  Probe (Chrono Boost)  
  78  7:05  Gateway  
  78  7:07  Probe x2 (Chrono Boost)  
  81  7:11  Templar Archives  
  81  7:13  Probe (Chrono Boost)  
  83  7:16  Probe (Chrono Boost)  
  83  7:19  Zealot x4  
  91  7:24  Probe  
  91  7:25  Pylon  
  92  7:30  Probe  
  92  7:33  Pylon  
  92  7:36  Probe x2  
  95  7:45  Pylon  
  91  7:52  Stalker  
  91  7:53  Zealot x5  
  91  7:57  Protoss Ground Weapons Level 2 (Chrono Boost)  
  103  8:04  Probe  
  104  8:08  Zealot x2  
  104  8:10  Probe x2  
  110  8:17  Pylon  
  110  8:25  High Templar, Probe  
  110  8:26  High Templar, Zealot x4  
  123  8:30  Pylon  
  123  8:31  Robotics Facility  
  123  8:32  Archon, Pylon  
  123  8:33  Pylon  
  123  8:34  Nexus  
  123  8:45  Pylon  
  123  8:48  Zealot, Stalker x3  
  129  8:52  Pylon  
  129  9:03  Probe  
  129  9:04  Probe  
  129  9:08  High Templar x2, Zealot x2  
  129  9:09  Zealot  
  141  9:13  Photon Cannon  
  141  9:14  Shield Battery  
  141  9:17  Pylon x2  
  141  9:19  Archon  
  141  9:20  Zealot  
  141  9:21  Zealot x2  
  148  9:25  Observer (Chrono Boost)  
  148  9:30  Gateway  
  148  9:31  Gateway  
  147  9:32  Zealot x2  
  147  9:33  Zealot  
  147  9:38  Observer  
  154  9:49  Zealot x5  
  164  9:53  Pylon  
  114  10:20  High Templar  
  114  10:21  High Templar, Zealot x4  
  106  10:22  Zealot x2  
  106  10:26  Archon  
  106  10:27  Zealot x2  
  120  10:39  Assimilator  
  120  10:40  Assimilator  
  120  10:42  Zealot x6  
  126  10:43  Pylon  
  126  10:47  Stalker x2  
  126  10:48  Stalker  
  136  10:58  Zealot  
  136  11:03  Zealot x2  
  136  11:04  Zealot x4  
  108  11:15  Zealot x3  
  96  11:21  Zealot  
  96  11:27  Zealot x6  
  96  11:31  Observer  
  94  11:36  High Templar x2, Zealot  
  94  11:37  Observer  
  100  11:40  Archon  
  100  11:42  Nexus  
  100  11:44  Gateway  
  100  11:45  Gateway  
  99  11:48  Zealot x7  
  113  12:00  Zealot x2  
  117  12:05  Zealot  
  99  12:08  Zealot x6  
  99  12:09  Zealot  
  87  12:21  Zealot  
  87  12:22  Zealot  
Tags
 
Add a new tag
Caveats
  • Supply blocks, unpowered buildings, or Contaminate may cause inaccurate times.
  • Supply counts are checked every 10 seconds.